 Dungeon Crawl Stone Soup version 0.19.1-1-g22dce08 (webtiles) character file.

102 ponk the Grave Robber (level 4, -5/30 HPs)
             Began as a Mummy Necromancer on Jan 11, 2017.
             Hit by a javelin of penetration thrown by an orc (6 damage)
             ... on level 3 of the Dungeon.
             The game lasted 00:10:21 (2536 turns).

ponk the Grave Robber (Mummy Necromancer)           Turns: 2536, Time: 00:10:22

Health: -5/30      AC:  2    Str: 11    XL:     4   Next: 50%
Magic:  3/8        EV: 12    Int: 15    God:
Gold:   83         SH:  0    Dex: 12    Spells: 3 memorised, 4 levels left

rFire  . . .     SeeInvis .     f - +3 dagger (venom)
rCold  + . .     Gourm    .     a - +0 robe
rNeg   + + +     Faith    .     (no shield)
rPois  ∞         Spirit   .     (no helmet)
rElec  .         Reflect  .     (no cloak)
rCorr  .         Harm     .     (no gloves)
MR     .....                    (no boots)
Stlth  ++........               (no amulet)
                                (no ring)
                                c - ring of protection from fire

@: very slightly contaminated
A: no food or potions, fire vulnerability, cold resistance 1, negative energy
resistance 3, torment resistance, unbreathing
a: no special abilities


You were on level 3 of the Dungeon.
You were not hungry.

You visited 1 branch of the dungeon, and saw 3 of its levels.

You collected 83 gold pieces.

Inventory:

Hand Weapons
 d - a +0 dagger of venom
 f - a +3 dagger of venom (weapon)
Armour
 a - a +0 robe (worn)
Jewellery
 c - a ring of protection from fire (left hand)
Scrolls
 e - a scroll of magic mapping {unknown}
Books
 b - a book of Necromancy

   Spells                             Type                      Level
   a - Pain                           Necromancy                   1
   b - Animate Skeleton               Necromancy                   1
   c - Vampiric Draining              Necromancy                   3
   d - Regeneration                   Charms/Necromancy            3
   e - Animate Dead                   Necromancy                   4
   f - Control Undead                 Necromancy                   4


   Skills:
 - Level 1.5 Dodging
 * Level 2.8 Stealth
 * Level 3.1 Spellcasting
 + Level 4.6 Necromancy


You had 4 spell levels left.
You knew the following spells:

 Your Spells              Type           Power        Failure   Level  Hunger
a - Pain                  Necr           ###.         3%          1    N/A
b - Animate Skeleton      Necr           N/A          3%          1    N/A
c - Vampiric Draining     Necr           ###.......   12%         3    N/A

Dungeon Overview and Level Annotations

Branches:
Dungeon (3/15)

Altars:
Gozag
Qazlal

Annotations:
D:2 Sigmund


Innate Abilities, Weirdness & Mutations

You do not eat or drink.
Your flesh is vulnerable to fire.
You are immune to poison.
Your flesh is cold resistant. (rC+)
You are immune to negative energy. (rN+++)
You are immune to unholy pain and torment.
You can survive without breathing.


Message History

The orc priest is severely wounded.
The orc throws a javelin of penetration.
The javelin of penetration closely misses you.
The orc priest looks encouraged for a moment.
The orc hits you with a dagger.
The orc priest looks more healthy.
The orc priest begins to cast a cantrip, but forgets the words!
Casting: Pain
Confirm with . or Enter, or press ? or * to list all spells.
Aiming: Vampiric Draining
Press: ? - help, Shift-Dir - straight line, f - orc, p - orc priest
Aim: an orc, wielding a dagger and wearing a leather armour You miscast Vampiric Draining.
Pain shoots through your body. The orc hits you with a dagger.
The orc priest calls down the wrath of Beogh upon you.
Beogh smites you!
* * * LOW HITPOINT WARNING * * *
The orc throws a javelin of penetration.
The javelin of penetration pierces through you.
You die...

##......#............
#.####..###...###..<
#..######E#...#E#...
######...>...###...###...
#..(%†.##...## ##.#......
##.########.# #........
#.# #.# ###......
#.########.## #......
#...%..@.#..# ##.....
########..#.# #.....
##.#.# ###.....
#...#####.......
###oo.o.........
###########.........
...(...........#....
.......##.....##....
............^.#.....


You could see 2 orcs.

Vanquished Creatures
  5 adders
  A worm (D:2)
  2 dart slugs (D:2)
  2 orcs (D:3)
  A ball python (D:1)
  7 bats
  2 giant cockroaches (D:1)
  7 goblins
  6 jackals
  3 kobolds
  A quokka (D:3)
  8 frilled lizards
  3 rats
48 creatures vanquished.

Vanquished Creatures (collateral kills)
  A bat (D:1)
1 creature vanquished.

Grand Total: 49 creatures vanquished

Notes
Turn   | Place    | Note
-------+----------+-------------------------------------------
     0 | D:1      | ponk the Mummy Necromancer began the quest for the Orb.
     0 | D:1      | Reached XP level 1. HP: 13/13 MP: 3/3
    11 | D:1      | Learned a level 1 spell: Animate Skeleton
   128 | D:1      | Reached XP level 2. HP: 17/19 MP: 1/5
   919 | D:2      | Found an opulent altar of Gozag.
   962 | D:2      | Noticed Sigmund
   984 | D:2      | Reached XP level 3. HP: 5/24 MP: 1/6
  1224 | D:1      | Learned a level 3 spell: Vampiric Draining
  2103 | D:2      | Reached XP level 4. HP: 23/30 MP: 1/8
  2276 | D:3      | Found a stormy altar of Qazlal.
  2278 | D:3      | Noticed an earth elemental
  2279 | D:3      | Noticed a fire elemental
  2279 | D:3      | Noticed an air elemental
  2279 | D:3      | Noticed a water elemental
  2532 | D:3      | HP: 1/30 [orc priest/divine providence (10)]
  2536 | D:3      | Hit by a javelin of penetration thrown by an orc

Skill      XL: |  1  2  3 |
---------------+----------+-----
Stealth        | 2 |  2.8
Spellcasting   | 3 |  3.1
Dodging        | |  1.5
Necromancy     | |  4.6

Action                   |  1- 3 |  4- 6 || total
-------------------------+-------+-------++-------
Melee: Unarmed           |     2 |       ||     2
       Dagger            |    23 |    27 ||    50
 Cast: Pain              |    56 |    12 ||    68
       Animate Skeleton  |     2 |     1 ||     3
       Vampiric Draining |     2 |       ||     2
  Use: Scroll            |     6 |       ||     6
 Stab: Sleeping          |       |     1 ||     1
Armor: Robe              |    11 |     4 ||    15
Dodge: Dodged            |    23 |    16 ||    39
